 Dungeon Crawl Stone Soup version 0.30.1-9-gdf580d7c3d (webtiles) character file.

Game seed: 12754606870034013598

186 Peloso the Covered (level 6, -5/31 HPs)
             Began as a Meteoran Fighter on Oct 16, 2023.
             Slain by a gnoll
             ... wielding a +0 flail
              (6 damage)
             ... on level 4 of the Dungeon.
             The game lasted 00:06:36 (2738 turns).

Peloso the Covered (Meteoran Fighter)               Turns: 2738, Time: 00:06:37

Health: -5/31      AC:  8    Str: 17    XL:     6   Next: 19%
Magic:  7/7        EV:  9    Int: 11    God:
Gold:   180        SH:  5    Dex: 15    Spells: 5/5 levels left

rFire   . . .        a - +0 long sword
rCold   . . .        d - +0 buckler
rNeg    + . .        b - +0 scale mail
rPois   .            (no helmet)
rElec   .            c - +0 cloak
rCorr   .            (no gloves)
SInv    .            (no boots)
Will    .....        (no amulet) Stlth
                     h - ring of positive energy
HPRegen 0.25/turn    (no ring)
MPRegen 0.10/turn

%: no passive effects
@: glowing
A: sense surroundings 1, otherworldly, glowing, explore regen
a: no special abilities


You were on level 4 of the Dungeon.
You visited 1 branch of the dungeon, and saw 4 of its levels.

You collected 180 gold pieces.

Inventory:

Hand Weapons
 a - a +0 long sword (weapon)
Armour
 b - a +0 scale mail (worn)
 c - a +0 cloak (worn)
 d - a +0 buckler (worn)
Jewellery
 h - a ring of positive energy (left hand)
Scrolls
 e - 2 scrolls of teleportation {unknown}
 k - a scroll of fog {unknown}
 l - 2 scrolls of magic mapping
 m - a scroll of enchant weapon {unknown}
 n - 3 scrolls of amnesia {unknown}
 o - a scroll of fear {unknown}
 q - a scroll of poison {unknown}
Potions
 f - 3 potions of might
 g - a potion of haste
 i - 2 potions of curing
 j - a potion of ambrosia
 p - a potion of mutation
 r - a potion of cancellation {unknown}


   Skills:
 + Level 4.1 Fighting
 + Level 4.5 Long Blades
 + Level 4.6 Armour
 + Level 1.2 Dodging
 + Level 0.4 Stealth
 + Level 4.2 Shields


You had 5 spell levels left.
You didn't know any spells.
Your spell library contained the following spells:

 Spells                   Type           Power      Damage    Failure   Level
 Vhi's Electric Charge    Tloc/Air       0%         N/A       99%         3
 Arcjolt                  Conj/Air       0%         1d10      100%        5
 Maxwell's Capacitive Co  Air            0%         ∞         100%        8


Dungeon Overview and Level Annotations

Branches:
Dungeon (4/15) Zot: 182
 Temple: D:4-7

Altars:
Nemelex Xobeh


Innate Abilities, Weirdness & Mutations

You passively map a small area around you.
You are easily found by Zot.
You glow in the dark.
You regain HP and MP as you explore.


Message History

There is an open door here.
You open the door. 3 gnolls come into view.
A gnoll is wielding a +2 whip of draining.
The gnoll shouts! x3
The gnoll moves out of view.
There are monsters nearby!
You hit the gnoll.
The gnoll is lightly wounded.
The gnoll hits you with a +0 flail! The gnoll hits you but does no damage.
You hit the gnoll.
The gnoll is lightly wounded.
The gnoll hits you with a +0 flail.
You hit the gnoll.
The gnoll is heavily wounded.
You block the gnoll's attack.
You hit the gnoll but do no damage.
The gnoll is heavily wounded.
The gnoll hits you with a +0 flail. The gnoll hits you with a +0 flail!
There is an open door here.
You hit the gnoll.
The gnoll is moderately wounded.
The gnoll hits you but does no damage. The gnoll hits you with a +0 flail.
You block the gnoll's attack.
Unknown command.
You block the gnoll's attack. The gnoll completely misses you.
You hit the gnoll.
The gnoll is severely wounded.
The gnoll hits you with a +0 flail!
* * * LOW HITPOINT WARNING * * *
The gnoll hits you with a +0 flail.
* * * LOW HITPOINT WARNING * * *
Unknown command.
You block the gnoll's attack. The gnoll attacks as you move away!
The gnoll hits you with a +0 flail.
* * * LOW HITPOINT WARNING * * *
The gnoll attacks as you move away! The gnoll hits you but does no damage.
You partially resist. The gnoll hits you with a +0 flail.
You die...

.#
..........#..#....#..#
, ##,,, *
........#..#....# ###+#
* ......#.)#....#
......, #...##)## ,
.....#########'###..#
*, ,
.....##....##...#...#
,, ,
.....#........g.#...#
.....#........gg#...#,,
,
.....#####'##...@...#,
, .....##....##...##..#
,, , ....[
#....##...##..# , , ,
*#######....#.[# * ,,
,, #....+..# , * ,,
#...##+## , * * #####
,, * , ,, *


You could see 3 gnolls.

Vanquished Creatures
  A scorpion (D:4)
  Jessica (D:3)
  An orc wizard (D:3)
  A worm (D:3)
  2 dart slugs
  9 orcs
  4 ball pythons
  2 bats
  4 endoplasms
  A giant cockroach (D:1)
  9 goblins
  6 hobgoblins
  2 jackals (D:4)
  5 kobolds
  3 quokkas
  4 frilled lizards
  3 rats
58 creatures vanquished.

Notes
Turn   | Place    | Note
-------+----------+-------------------------------------------
     0 | D:1      | Peloso the Meteoran Fighter began the quest for the Orb.
     0 | D:1      | Reached XP level 1. HP: 19/19 MP: 2/2
   141 | D:1      | Reached XP level 2. HP: 26/26 MP: 3/3
   410 | D:1      | Reached XP level 3. HP: 30/31 MP: 4/4
   485 | D:1      | Glimpsed the power of Zot.
   534 | D:1      | Glimpsed the power of Zot.
   572 | D:1      | Glimpsed the power of Zot.
   582 | D:1      | Touched by the power of Zot.
   654 | D:1      | Glimpsed the power of Zot.
   704 | D:1      | Glimpsed the power of Zot.
   744 | D:1      | Glimpsed the power of Zot.
   754 | D:1      | Touched by the power of Zot.
  1445 | D:2      | Glimpsed the power of Zot.
  1495 | D:2      | Glimpsed the power of Zot.
  1535 | D:2      | Glimpsed the power of Zot.
  1545 | D:2      | Touched by the power of Zot.
  1665 | D:3      | Reached XP level 4. HP: 19/19 MP: 5/5
  1769 | D:3      | Found a sparkling altar of Nemelex Xobeh.
  1945 | D:3      | Reached skill level 1 in Dodging
  1985 | D:3      | Noticed Jessica
  1991 | D:3      | Killed Jessica
  1992 | D:3      | Reached XP level 5. HP: 17/25 MP: 6/6
  2707 | D:4      | Reached XP level 6. HP: 31/31 MP: 7/7
  2735 | D:4      | HP: 1/31 [gnoll/+0 flail (1)]
  2738 | D:4      | Slain by a gnoll

Illustrated notes

Levels and vault maps discovered:
D:1:      evilmike_arrival_crescent, layout_basic, minmay_misc_feat_tower,
          chequers_serial_rivers_large_b
D:2:      layout_basic, st_stairs_2
D:3:      layout_loops_ring, nemelex_diamond_rough_becter, uniq_jessica
D:4:      layout_gridville, kennysheep_pointless_box

Skill      XL: |  1  2  3  4  5 |
---------------+----------------+-----
Armour         | 4 |  4.6
Shields        | 4 |  4.2
Long Blades    | 3 4 |  4.5
Dodging        | 1 |  1.2
Fighting       | 4 |  4.1
Stealth        | |  0.4

Action                     |  1- 3 |  4- 6 || total
---------------------------+-------+-------++-------
  Melee: Long sword        |    90 |   101 ||   191
    Use: Scroll            |     6 |     1 ||     7
 Armour: Scale mail        |    42 |    58 ||   100
  Dodge: Dodged            |    38 |    52 ||    90
  Block: Buckler           |    25 |    30 ||    55
